 Dungeon Crawl Stone Soup version 0.29.0-4-gdea44cf6ec (webtiles) character file.

Game seed: 752637493831858532

1428 qw the Cleaver (level 8, 0/49 HPs)
             Began as a Tengu Warper on Aug 28, 2022.
             Shot with an arrow by a centaur (7 damage)
             ... on level 6 of the Dungeon.
             The game lasted 00:00:37 (7064 turns).

qw the Cleaver (Tengu Warper)                       Turns: 7064, Time: 00:00:38

Health: 0/49       AC:  9    Str: 14    XL:     8   Next: 72%
Magic:  0/12       EV:  8    Int: 13    God:
Gold:   305        SH:  0    Dex: 14    Spells: 11/11 levels left

rFire   . . .      SeeInvis .   Y - +1 war axe
rCold   . . .      Faith    .   (no shield)
rNeg    . . .      Spirit   +   g - +0 chain mail
rPois   .          Reflect  .   (helmet restricted)
rElec   .          Harm     .   (no cloak)
rCorr   .          Rampage  .   (no gloves)
Will    +....                   (boots unavailable)
Stlth   ..........              c - amulet of guardian spirit
HPRegen 0.16/turn               m - ring of willpower
MPRegen 0.13/turn               (no ring)

@: about to teleport, flying quickly and evasively, quick
A: beak, talons 3, nimble flight
a: no special abilities


You were on level 6 of the Dungeon.
You visited 1 branch of the dungeon, and saw 6 of its levels.

You collected 305 gold pieces.


Innate Abilities, Weirdness & Mutations

You have a beak for a mouth.
You have claws for feet.
Your magical nature lets you fly swiftly and evasively.


   Skills:
 - Level 5.0 Fighting
 + Level 10.0 Axes
 - Level 1.0 Throwing
 - Level 3.3 Armour
 - Level 2.1 Dodging
 - Level 2.0 Spellcasting
 - Level 2.4 Translocations


You had 11 spell levels left.
You didn't know any spells.
Your spell library contained the following spells:

 Spells                   Type           Power      Damage    Failure   Level
 Blink                    Tloc           14%        N/A       98%         2
 Gell's Gravitas          Tloc           7%         N/A       100%        3
 Lesser Beckoning         Tloc           7%         N/A       100%        3
 Teleport Other           Tloc           7%         N/A       100%        3
 Manifold Assault         Tloc           7%         N/A       100%        5

Inventory:

Hand Weapons
 b - a +0 flail
 Y - a +1 war axe (weapon)
Armour
 f - a +0 cloak
 g - a +0 chain mail (worn)
Jewellery
 c - an amulet of guardian spirit (around neck)
 m - a ring of willpower (left hand)
Scrolls
 e - 3 scrolls of teleportation
 h - 2 scrolls of identify
Potions
 a - a potion of might
 d - a potion of haste
 i - 5 potions of curing

Dungeon Overview and Level Annotations

Branches:
Dungeon (6/15)
 Temple: D:4-7

Altars:
Hepliaklqana
Ru

Annotations:
D:4 1 runed translucent door, Crazy Yiuf


Message History

Found a great sword.
The iguana hisses angrily.
You see here a bullfrog corpse.
The centaur wields a +0 shortbow.
The centaur shoots an arrow.
The arrow hits you.
Found a whip.
The centaur shoots an arrow.
The arrow hits you!
You barely miss the iguana. You claw the iguana.
The iguana is moderately wounded.
A centaur comes into view.
The centaur shoots an arrow.
The arrow hits you.
The iguana bites you but does no damage.
You hit the iguana but do no damage. Your kick misses the iguana.
You peck the iguana.
The iguana is heavily wounded.
The centaur wields a +0 shortbow.
The centaur shoots an arrow.
The arrow hits you.
The centaur shoots an arrow.
The arrow hits you! The iguana bites you!
The centaur shoots an arrow.
The arrow hits you.
You slash the iguana!
You kill the iguana!
The centaur shoots an arrow.
The arrow closely misses you.
The centaur shoots an arrow.
The arrow hits you!
Your Fighting skill increases to level 5!
Found a stone staircase leading up.
The centaur shoots an arrow.
The arrow hits you.
The centaur unwields a +0 shortbow.
The centaur hits you but does no damage.
The centaur kicks you but does no damage.
The centaur shoots an arrow.
The arrow hits you!
7063 ||| READING 4 scrolls of teleportation.
As you read the scroll of teleportation, it crumbles to dust.
You feel strangely unstable.
The centaur hits you but does no damage.
The centaur closely misses you.
The centaur hits you but does no damage.
The centaur kicks you but does no damage.
You hit the centaur but do no damage. You claw the centaur, but do no damage.
Your peck misses the centaur.
The centaur shoots an arrow.
The arrow hits you!
You die...

#....# #...#
#.....####.###
#.#..........#
...##.#####.#.###
..# #.# #.#...#
.# #># #..##%# #
#.# ####.)..#
#### ...
........#....##
####...@....).#
#>...c.......
#............
#............
##......c...#
##...##...##
###.. ..... #..
..<..


You could see 2 centaurs.

Vanquished Creatures
  Grinder (D:5)
  Edmund (D:5)
  A water moccasin (D:5)
  An ogre (D:5)
  A phantom (D:4)
  2 bullfrogs
  Blork the orc (D:6)
  3 scorpions
  2 hounds
  A gnoll bouda (D:4)
  4 iguanas
  Natasha (thrice) (D:4)
  5 gnolls (D:4)
  9 adders
  4 dart slugs
  9 orcs
  7 bats
  2 endoplasms
  3 giant cockroaches (D:3)
  9 goblins
  6 hobgoblins
  3 quokkas
  7 ball pythons
  2 frilled lizards
  12 kobolds
  6 rats
  A spectral goblin (D:5)
106 creatures vanquished.

Notes
Turn   | Place    | Note
-------+----------+-------------------------------------------
     0 | D:1      | qw the Tengu Warper began the quest for the Orb.
     0 | D:1      | Reached XP level 1. HP: 12/12 MP: 4/4
     0 | D:1      | 0 ||| qw: Version: 0.1-a-89-g26bdef1
     0 | D:1      | 0 ||| qw: Game counter: 2347
     0 | D:1      | 0 ||| qw: Always use a shield: true
     0 | D:1      | 0 ||| qw: God list: Okawaru
     0 | D:1      | 0 ||| qw: Allow faded altars: false
     0 | D:1      | 0 ||| qw: Do Orc after D:15 true
     0 | D:1      | 0 ||| qw: Do second Lair branch before Depths: true
     0 | D:1      | 0 ||| qw: Lair rune preference: random
     0 | D:1      | 0 ||| qw: Plans: Normal
     0 | D:1      | 0 ||| PLANNING D:1-11
    78 | D:1      | 78 ||| SWAPPING to +0 war axe.
    79 | D:1      | 79 ||| DROPPING +0 hand axe.
   162 | D:1      | Found a faded altar of an unknown god.
   207 | D:1      | 207 ||| DROPPING +0 club.
   539 | D:1      | Reached XP level 2. HP: 13/17 MP: 6/6
   663 | D:1      | Reached skill level 3 in Axes
   969 | D:1      | 969 ||| READING 3 scrolls labelled ECUECH FIUSCH.
   970 | D:1      | 970 ||| DRINKING 2 metallic pink potions.
   971 | D:1      | 971 ||| READING 2 scrolls of identify.
   971 | D:1      | 971 ||| IDENTIFYING red potion
   972 | D:1      | 972 ||| DROPPING scroll of blinking.
  1072 | D:2      | 1072 ||| Stepping ~*~*~tactically~*~*~ (hiding).
  1174 | D:2      | 1174 ||| Stepping ~*~*~tactically~*~*~ (hiding).
  1177 | D:2      | 1177 ||| Stepping ~*~*~tactically~*~*~ (hiding).
  1179 | D:2      | 1179 ||| Stepping ~*~*~tactically~*~*~ (hiding).
  1180 | D:2      | 1180 ||| Stepping ~*~*~tactically~*~*~ (hiding).
  1318 | D:2      | 1318 ||| Stepping ~*~*~tactically~*~*~ (stealth).
  1398 | D:2      | Reached XP level 3. HP: 9/21 MP: 7/7
  1733 | D:2      | Reached skill level 4 in Axes
  1735 | D:2      | HP: 5/21 [poisoned by an adder]
  2070 | D:2      | You fall into a shaft and drop 2 floors!
  2207 | D:3      | 2207 ||| UPGRADING to amulet of guardian spirit.
  2212 | D:3      | 2212 ||| READING scroll labelled GUALICH MEUMU.
  2220 | D:3      | 2220 ||| DRINKING 2 brown potions.
  2221 | D:3      | 2221 ||| DROPPING potion of flight.
  2285 | D:2      | 2285 ||| Stepping ~*~*~tactically~*~*~ (stealth).
  2288 | D:2      | 2288 ||| Stepping ~*~*~tactically~*~*~ (stealth).
  2340 | D:2      | 2340 ||| Stepping ~*~*~tactically~*~*~ (stealth).
  2341 | D:2      | 2341 ||| Stepping ~*~*~tactically~*~*~ (stealth).
  2343 | D:2      | 2343 ||| Stepping ~*~*~tactically~*~*~ (stealth).
  2344 | D:2      | 2344 ||| Stepping ~*~*~tactically~*~*~ (stealth).
  2356 | D:2      | Reached XP level 4. HP: 21/26 MP: 6/8
  2434 | D:2      | 2434 ||| Stepping ~*~*~tactically~*~*~ (hiding).
  2435 | D:2      | 2435 ||| Stepping ~*~*~tactically~*~*~ (hiding).
  2483 | D:2      | 2483 ||| Stepping ~*~*~tactically~*~*~ (stealth).
  2485 | D:2      | 2485 ||| Stepping ~*~*~tactically~*~*~ (stealth).
  2487 | D:2      | 2487 ||| Stepping ~*~*~tactically~*~*~ (stealth).
  2495 | D:2      | 2495 ||| Stepping ~*~*~tactically~*~*~ (stealth).
  2591 | D:2      | 2591 ||| Stepping ~*~*~tactically~*~*~ (stealth).
  2651 | D:2      | 2651 ||| Stepping ~*~*~tactically~*~*~ (hiding).
  2987 | D:2      | 2987 ||| READING 2 scrolls of identify.
  2987 | D:2      | 2987 ||| IDENTIFYING golden potion
  3054 | D:3      | Noticed a bullfrog
  3059 | D:3      | 3059 ||| Stepping ~*~*~tactically~*~*~ (stealth).
  3067 | D:3      | Killed a bullfrog
  3068 | D:3      | Reached skill level 5 in Axes
  3068 | D:3      | Gained mutation: Your magical nature lets you fly swiftly
                  | and evasively. [Tengu growth]
  3068 | D:3      | Reached XP level 5. HP: 20/30 MP: 5/9
  3381 | D:3      | 3381 ||| Stepping ~*~*~tactically~*~*~ (stealth).
  3382 | D:3      | 3382 ||| Stepping ~*~*~tactically~*~*~ (stealth).
  3450 | D:3      | Reached skill level 6 in Axes
  3450 | D:3      | 3450 ||| Stepping ~*~*~tactically~*~*~ (stealth).
  3452 | D:3      | 3452 ||| Stepping ~*~*~tactically~*~*~ (stealth).
  3598 | D:3      | 3598 ||| Stepping ~*~*~tactically~*~*~ (stealth).
  3600 | D:3      | 3600 ||| Stepping ~*~*~tactically~*~*~ (stealth).
  3607 | D:3      | 3607 ||| Stepping ~*~*~tactically~*~*~ (stealth).
  3612 | D:3      | 3612 ||| Stepping ~*~*~tactically~*~*~ (stealth).
  3794 | D:3      | 3794 ||| DROPPING scarf of invisibility.
  3795 | D:3      | 3795 ||| UPGRADING to +0 ring mail.
  3805 | D:3      | 3805 ||| DROPPING +0 leather armour.
  3806 | D:3      | 3806 ||| UPGRADING to +0 scale mail.
  3816 | D:3      | 3816 ||| DROPPING +0 ring mail.
  3817 | D:3      | 3817 ||| UPGRADING to ring of willpower.
  3818 | D:3      | 3818 ||| READING 2 scrolls labelled IWIACA KUCW.
  3819 | D:3      | 3819 ||| READING scroll labelled IGECHUAGAK.
  3920 | D:3      | 3920 ||| READING scroll labelled JUANIN BYFAERA.
  3921 | D:3      | 3921 ||| DRINKING 2 lumpy puce potions.
  3922 | D:3      | 3922 ||| DRINKING 2 bubbling coppery potions.
  3923 | D:3      | 3923 ||| READING 2 scrolls of identify.
  3923 | D:3      | 3923 ||| IDENTIFYING pink potion
  3924 | D:3      | 3924 ||| DROPPING potion of magic.
  3925 | D:3      | 3925 ||| DROPPING potion of lignification.
  3926 | D:3      | 3926 ||| DROPPING scroll of amnesia.
  3927 | D:3      | 3927 ||| READING scroll of teleportation.
  4064 | D:4      | 4064 ||| Stepping ~*~*~tactically~*~*~ (stealth).
  4084 | D:4      | Noticed a phantom
  4085 | D:4      | 4085 ||| Stepping ~*~*~tactically~*~*~ (stealth).
  4094 | D:4      | Killed a phantom
  4095 | D:4      | Reached skill level 7 in Axes
  4095 | D:4      | Reached XP level 6. HP: 17/35 MP: 5/10
  4098 | D:4      | 4098 ||| Stepping ~*~*~tactically~*~*~ (hiding).
  4099 | D:4      | 4099 ||| FLEEEEING.
  4100 | D:4      | 4100 ||| FLEEEEING.
  4101 | D:4      | 4101 ||| Stepping ~*~*~tactically~*~*~ (hiding).
  4102 | D:4      | 4102 ||| FLEEEEING.
  4103 | D:4      | 4103 ||| FLEEEEING.
  4104 | D:4      | 4104 ||| FLEEEEING.
  4105 | D:4      | 4105 ||| FLEEEEING.
  4106 | D:4      | 4106 ||| FLEEEEING.
  4107 | D:4      | 4107 ||| FLEEEEING.
  4108 | D:4      | 4108 ||| FLEEEEING.
  4109 | D:4      | 4109 ||| FLEEEEING.
  4111 | D:4      | 4111 ||| FLEEEEING.
  4112 | D:4      | 4112 ||| FLEEEEING.
  4113 | D:4      | 4113 ||| FLEEEEING.
  4114 | D:4      | 4114 ||| FLEEEEING.
  4115 | D:4      | 4115 ||| FLEEEEING.
  4117 | D:4      | 4117 ||| FLEEEEING.
  4118 | D:4      | 4118 ||| FLEEEEING.
  4119 | D:4      | 4119 ||| FLEEEEING.
  4120 | D:4      | 4120 ||| FLEEEEING.
  4121 | D:4      | 4121 ||| FLEEEEING.
  4122 | D:4      | 4122 ||| FLEEEEING.
  4123 | D:4      | 4123 ||| FLEEEEING.
  4124 | D:4      | 4124 ||| FLEEEEING.
  4125 | D:4      | 4125 ||| FLEEEEING.
  4127 | D:4      | 4127 ||| STAIRDANCE
  4277 | D:3      | 4277 ||| READING scroll labelled SEZYTU FUHUJEZ.
  4278 | D:3      | 4278 ||| READING 2 scrolls of identify.
  4278 | D:3      | 4278 ||| IDENTIFYING coppery potion
  4279 | D:3      | 4279 ||| DROPPING potion of brilliance.
  4284 | D:4      | 4284 ||| STAIRDANCE
  4418 | D:4      | 4418 ||| DROPPING +0 whip.
  4430 | D:4      | Found a runed translucent door.
  4431 | D:4      | Noticed Crazy Yiuf
  4540 | D:4      | Reached skill level 3 in Fighting
  4540 | D:4      | HP: 9/37 [gnoll/+0 whip[a gnoll bouda] (5)]
  4540 | D:4      | HP: 4/37 [gnoll/+0 club[a gnoll bouda] (5)]
  4541 | D:4      | 4541 ||| DRINKING potion of heal wounds.
  4656 | D:4      | Noticed Natasha
  4664 | D:4      | Killed Natasha
  4763 | D:4      | Noticed Natasha
  4770 | D:4      | Killed Natasha
  4816 | D:4      | Noticed Natasha
  4822 | D:4      | Killed Natasha
  4823 | D:4      | Reached XP level 7. HP: 23/41 MP: 6/11
  5048 | D:4      | Reached skill level 8 in Axes
  5253 | D:4      | Found a sacrificial altar of Ru.
  5484 | D:4      | 5484 ||| UPGRADING to +0 chain mail.
  5494 | D:4      | 5494 ||| DROPPING +0 scale mail.
  5495 | D:4      | 5495 ||| READING scroll labelled REECHA BYERCH.
  5496 | D:4      | 5496 ||| READING scroll labelled ILUOR WOAPIDI.
  5497 | D:4      | 5497 ||| READING 3 scrolls of identify.
  5497 | D:4      | 5497 ||| IDENTIFYING amethyst potion
  5498 | D:4      | 5498 ||| DROPPING potion of attraction.
  5511 | D:5      | Entered Level 5 of the Dungeon
  5563 | D:5      | 5563 ||| Stepping ~*~*~tactically~*~*~ (stealth).
  5794 | D:5      | Found a hazy altar of Hepliaklqana.
  5866 | D:5      | Reached skill level 3 in Armour
  5866 | D:5      | 5866 ||| DRINKING 6 potions of curing.
  5866 | D:5      | 5866 ||| (to cure poison)
  6206 | D:5      | Noticed Edmund
  6208 | D:5      | Noticed Grinder
  6209 | D:5      | 6209 ||| Stepping ~*~*~tactically~*~*~ (stealth).
  6221 | D:5      | Killed Edmund
  6222 | D:5      | Reached skill level 9 in Axes
  6222 | D:5      | Reached XP level 8. HP: 15/46 MP: 4/12
  6436 | D:5      | 6436 ||| Stepping ~*~*~tactically~*~*~ (hiding).
  6450 | D:5      | Killed Grinder
  6776 | D:5      | 6776 ||| READING scroll labelled VIOHIO EDUSINEILL.
  6890 | D:5      | 6890 ||| READING 2 scrolls of identify.
  6890 | D:5      | 6890 ||| IDENTIFYING bubbling green potion
  6891 | D:5      | 6891 ||| DROPPING potion of invisibility.
  6926 | D:6      | Noticed Blork the orc
  6934 | D:6      | Killed Blork the orc
  6935 | D:6      | Reached skill level 10 in Axes
  7062 | D:6      | HP: 12/49 [centaur/arrow (5)]
  7063 | D:6      | 7063 ||| READING 4 scrolls of teleportation.
  7064 | D:6      | Shot with an arrow by a centaur

Levels and vault maps discovered:
D:1:      dpeg_arrival_windows_large_door, layout_basic,
          hellmonk_ecumenical_altar_zigzags
D:2:      layout_loops_corners, minmay_misc_feat_chi
D:3:      minmay_recursive_quarters, layout_rooms, kennysheep_generic_room_11
D:4:      layout_loops_cross, general_overflow_altar, kennysheep_generic_room_8,
          uniq_crazy_yiuf_cottage, uniq_natasha
D:5:      layout_basic, nicolae_hepliaklqana_monster_ancestors, moated_statue,
          kennysheep_generic_room_10, uniq_edmund, uniq_grinder
D:6:      layout_rooms, uniq_prince_ribbit1, uniq_blork_the_orc

Skill      XL: |  1  2  3  4  5  6  7  8 |
---------------+-------------------------+-----
Axes           | 3 4 5 7 9 10 | 10.0
Fighting       | 3 5 |  5.0
Armour         | 3 |  3.3
Throwing       | |  1.0
Dodging        | |  2.1
Spellcasting   | |  2.0
Translocations | |  2.4

Action                   |  1- 3 |  4- 6 |  7- 9 || total
-------------------------+-------+-------+-------++-------
Melee: War axe           |    60 |   138 |    85 ||   283
       Kick              |    12 |    32 |    29 ||    73
       Peck              |     9 |    17 |    12 ||    38
       Punch             |     1 |       |     1 ||     2
Throw: Boomerang         |     7 |       |       ||     7
  Use: Scroll            |     3 |     8 |     6 ||    17
       Potion            |     2 |     3 |     1 ||     6
Armor: Leather armour    |    12 |    18 |       ||    30
       Scale mail        |       |    16 |     3 ||    19
       Chain mail        |       |       |    27 ||    27
Dodge: Dodged            |    36 |    90 |    31 ||   157

Table legend:
 A = Non-vault XP
 B = Vault XP
 C = Vault XP percentage of total XP
 D = Non-vault monster count
 E = Vault monster count
 F = Vault count percentage of total count
                 A         B        C        D         E       F
            +---------+---------+-------+---------+---------+-------
      Total |    1378 |     663 |  32.5 |      86 |      20 |  18.9
            +---------+---------+-------+---------+---------+-------
        D:1 |      14 |       0 |   0.0 |       9 |       0 |   0.0
        D:2 |      73 |       0 |   0.0 |      21 |       0 |   0.0
        D:3 |     156 |      19 |  10.9 |      24 |      12 |  33.3
        D:4 |     614 |      37 |   5.7 |      22 |       2 |   8.3
        D:5 |     375 |     517 |  58.0 |       7 |       5 |  41.7
        D:6 |     146 |      90 |  38.1 |       3 |       1 |  25.0
            +---------+---------+-------+---------+---------+-------
